Cogmind - Beta 15 @@@ ROGUE MODE // 2025.10.08 @ 23:05:20 Player: DietSnapple Result: Destroyed by Y-45 Defender with Heavy Assault Rifle Performance ------------- Evolutions (1) 500 Regions Visited (2) 400 Robots Destroyed (31) 155 Value Destroyed (538) 538 Prototype IDs (0) 0 Alien Tech Used (0) 0 Bonus (0) 0 TOTAL SCORE: 1593 Bonus ------- None Cogmind --------- Core Integrity 0/400 Matter 300/300 Energy 100/100 System Corruption 2% Temperature Cool (9) Movement Core (350) Ox6 Location -9/Materials Parts ------- > --- POWER (1) -------- (None) > --- PROPULSION (3) --- (None) > --- UTILITY (2) ------ Large Storage Unit Signal Interpreter > --- WEAPON (3) ------- (None) > --- INVENTORY (15) --- Ion Engine Ion Engine Light Ion Engine Improved Heat Sink Large Matter Pod (150) Visual Processing Unit Improved Terrain Scanner Improved Terrain Scanner Hardened Light Armor Plating Hacking Suite Peak State ------------ > --- POWER ------------ Ion Engine > --- PROPULSION ------- Aluminum Leg Aluminum Leg > --- UTILITY ---------- Small Storage Unit Hardened Light Armor Plating > --- WEAPON ----------- Assault Rifle Assault Rifle > --- INVENTORY -------- Ion Engine Heat Sink Improved Heat Sink Large Matter Pod Improved Terrain Scanner Improved Terrain Scanner Mining Laser [Rating: 9] Favorites ----------- Power Ion Engine Engine Ion Engine Propulsion Aluminum Leg Leg Aluminum Leg Wheel Wheel Hover Unit Hover Unit Utility Small Storage Unit Device Seismic Detector Storage Small Storage Unit Processor Signal Interpreter Protection Hardened Light Armor Plating Weapon Assault Rifle Ballistic Gun Assault Rifle Build | -11 -10 -9 ------- Run | Yrd Mat Mat Slots Evolved 2 | . . 2 Power . | . . . Propulsion 1 | . . 1 Utility . | . . . Weapon 1 | . . 1 Parts Attached 23 | 8 15 . Power 4 | 1 3 . Engine 4 | 1 3 . Core . | . . . Reactor . | . . . Propulsion 11 | 3 8 . Treads . | . . . Leg 4 | . 4 . Wheel 6 | 3 3 . Hover 1 | . 1 . Flight . | . . . Utility 5 | 2 3 . Device 1 | 1 . . Storage 2 | 1 1 . Processor 1 | . 1 . Hackware . | . . . Protection 1 | . 1 . Artifact . | . . . Weapon 3 | 2 1 . Energy Gun . | . . . Energy Cannon . | . . . Ballistic Gun 3 | 2 1 . Ballistic Cannon . | . . . Launcher . | . . . Special Weapon . | . . . Impact Weapon . | . . . Slashing Weapon . | . . . Piercing Weapon . | . . . Special Melee Weapon . | . . . Unidentified Prototypes . | . . . Parts Lost 8 | . 4 4 Power 1 | . 1 . Propulsion 4 | . 2 2 Utility 1 | . 1 . Weapon 2 | . . 2 Highest Loss Streak 3 | . 2 3 To Critical Strikes . | . . . Average Backups 6 | 4 6 9 Power 1 | . . 2 Propulsion . | 1 . . Utility 3 | 1 4 6 Weapon . | . . . Tool/Special . | . . . Unused Backups 12 | . 5 7 Power 2 | . 1 1 Propulsion . | . . . Utility 9 | . 3 6 Weapon 1 | . 1 . Tool/Special . | . . . Average Slot Usage (%) 91 | . 95 56 Engine 13 | . 13 7 Leg 13 | . 12 15 Wheel 5 | . 6 . Hover 5 | . 6 . Device 3 | . 3 . Storage 13 | . 14 11 Processor 1 | . . 11 Protection 7 | . 8 . Ballistic Gun 26 | . 27 11 Peak Build Rating 9 | 8 9 8 Average Rating 7 | 6 8 6 On Entrance 5 | . 8 8 Naked Turns . | . . . Heaviest Build 34 | 14 34 29 Greatest Support 26 | 26 20 20 Greatest Overweight (x) 3 | 3 3 1 Average Overweight (x) . | . 1 1 Largest Inventory Capacity 15 | 8 15 15 Average Capacity 8 | 7 8 15 Most Carried 10 | 8 8 10 Average Carried 6 | 4 6 9 Final Capacity 15 | 8 15 15 Final Carried 10 | 8 8 10 Class Distribution -------------------- 100% | Mutant Dominant Class ---------------- Mutant | -10/Materials Mutant | -9/Materials Resources | -11 -10 -9 ----------- Run | Yrd Mat Mat Matter Collected 1072 | 346 710 16 Remotely . | . . . Salvage Created 883 | 138 729 16 Parts 66 | 17 46 3 Haulers Intercepted 1 | . 1 . Recyclers Shooed . | . . . Parts Field Recycled . | . . . Retrieved Matter . | . . . Parts Self-Destructed . | . . . Prevented . | . . . Kills | -11 -10 -9 ------- Run | Yrd Mat Mat Combat Hostiles Destroyed 13 | . 13 . Guns 13 | . 13 . Classes Destroyed 9 | 3 6 . Worker 5 | 1 4 . Builder 1 | . 1 . Tunneler 4 | 4 . . Hauler 1 | . 1 . Recycler 1 | 1 . . Operator 2 | . 2 . Watcher 4 | . 3 1 Swarmer 3 | . 3 . Grunt 10 | . 10 . Best Kill Streak 3 | 3 3 1 Combat Bots Only 3 | . 3 . Max Kills in Single Turn 1 | 1 1 1 Gunslinging . | . . . Exploded . | . . . Melee . | . . . Uniques/NPCs Destroyed . | . . . Combat | -11 -10 -9 -------- Run | Yrd Mat Mat Hostile Shots Fired 151 | . 87 64 Missed 41 | . 28 13 Hits 110 | . 59 51 Projectile 110 | . 59 51 Critical Strikes 3 | . . 3 Damage Taken 1402 | . 667 735 Core 549 | . 148 401 Absorbed by Shields . | . . . Core Remaining (%) 70 | 100 40 . Volleys Fired 113 | 14 83 16 Largest 2 | 2 2 2 Hottest 40 | 40 40 40 Shots Fired 211 | 26 166 19 Gun 211 | 26 166 19 Cannon . | . . . Launcher . | . . . Special . | . . . Kinetic 211 | 26 166 19 Thermal . | . . . Explosive . | . . . Electromagnetic . | . . . Robot Hit Streak 8 | 5 8 8 Robot Miss Streak 5 | 3 5 1 Penetration Max . | . . . Secondary Targets 1 | . 1 . Max Gunslinging Chain 1 | . 1 . Shots Hit Robots 103 | 11 78 14 Core Hits 52 | 9 40 3 Critical Kills . | . . . Critical Parts Destroyed . | . . . Critical Strikes . | . . . Melee Attacks . | . . . Impact . | . . . Slashing . | . . . Piercing . | . . . Sneak Attacks . | . . . Combat Hostiles . | . . . Follow-up Attacks . | . . . Damage Inflicted 1271 | 121 981 169 Guns 1213 | 121 948 144 Cannons . | . . . Explosions . | . . . Melee . | . . . Ramming 58 | . 33 25 Kinetic 1213 | 121 948 144 Thermal . | . . . Explosive . | . . . Electromagnetic . | . . . Impact . | . . . Slashing . | . . . Piercing . | . . . Highest Corruption 2 | . . 2 Average Corruption 2 | . . 2 Corruption Purged . | . . . Corruption Blocked . | . . . Overload Shots . | . . . Overflow Damage . | . . . Projectiles . | . . . Explosions . | . . . Melee . | . . . Knockbacks . | . . . Impact . | . . . Kinetic . | . . . Secondary . | . . . Self-Inflicted Damage 9 | . 9 . Shots . | . . . Rammed 13 | . 1 12 Targets Rammed 22 | . 3 19 Kicked 9 | . 2 7 Crushed . | . . . Highest Temperature 13 | . 13 . Average Temperature 7 | . 7 . Received Heat Transfer 561 | . 291 270 Siege Activations . | . . . Martial Activations . | . . . Shielding Activations . | . . . Robots Disrupted . | . . . Combat Hostiles . | . . . Robots Corrupted . | . . . Combat Hostiles . | . . . Parts Fried . | . . . Impact Corruptions . | . . . Robots Melted . | . . . Combat Hostiles . | . . . Parts Melted . | . . . Heat Transferred . | . . . Parts Sabotaged . | . . . Parts Stolen . | . . . Parts Stripped . | . . . Power Chain Reactions . | . . . Alert | -11 -10 -9 ------- Run | Yrd Mat Mat Maximum Alert Level . | . . . Low Security (%) 100 | 100 100 100 Level 1 . | . . . Level 2 . | . . . Level 3 . | . . . Level 4 . | . . . Level 5 . | . . . High Security . | . . . Max Security . | . . . Peak Influence 85 | 10 85 22 Initial 22 | . . 22 Average 17 | 1 22 5 Influence Increases 449 | 30 412 7 Destroy 0b10 Robot/C 260 | . 260 . Destroy 0b10 Robot/NC 90 | 30 55 5 Destroy Leader 70 | . 68 2 Successful Hack 13 | . 13 . Destroy Structure 1 | . 1 . Lose Combat Pursuer 15 | . 15 . Influence Decreases 449 | 30 358 61 Entered New Map 32 | . . 32 Time Decay 368 | 30 318 20 Lost Part 49 | . 40 9 Squads Dispatched 4 | . 3 1 Investigation 1 | . 1 . Extermination . | . . . Reinforcement 3 | . 2 1 Assault . | . . . Garrison . | . . . Intercept . | . . . Searches Triggered . | . . . Construction Impeded . | . . . Haulers Reinforced . | . . . Active Scanning Responses . | . . . Cargo Convoy Interrupts . | . . . Stealth | -11 -10 -9 --------- Run | Yrd Mat Mat Distress Signals 2 | . 1 1 Communications Jammed . | . . . Distress Signals . | . . . Times Spotted 25 | . 22 3 Peak Tracking Total 4 | . 4 2 Tactical Retreats 1 | . 1 . Traps | -11 -10 -9 ------- Run | Yrd Mat Mat Traps Triggered 3 | . 3 . Indirectly . | . . . Trap Hack Attempts . | . . . Triggered . | . . . Disarmed . | . . . Reprogrammed . | . . . Reused . | . . . Traps Extracted . | . . . Installed . | . . . Triggered . | . . . Machines | -11 -10 -9 ---------- Run | Yrd Mat Mat Machines Disabled . | . . . Max in Single Turn . | . . . Machines Repaired . | . . . Machines Dismantled . | . . . Machines Sabotaged . | . . . Overloaded Fab Kills . | . . . Hacking | -11 -10 -9 --------- Run | Yrd Mat Mat Machines Accessed 2 | . 2 . Terminals 2 | . 2 . Fabricators . | . . . Repair Stations . | . . . Recycling Units . | . . . Scanalyzers . | . . . Garrison Access . | . . . Total Hacks 7 | . 7 . Successful 6 | . 6 . Failed 1 | . 1 . Catastrophic . | . . . Database Lockouts . | . . . Manual 5 | . 5 . Terminals 7 | . 7 . Fabricators . | . . . Repair Stations . | . . . Recycling Units . | . . . Scanalyzers . | . . . Garrison Access . | . . . Terminal Hacks 5 | . 5 . Record 1 | . 1 . Alert Level 1 | . 1 . Dispatch Records 1 | . 1 . Transport Status 1 | . 1 . Hauler Manifests 1 | . 1 . Fabricator Hacks . | . . . Repair Station Hacks . | . . . Recycling Unit Hacks . | . . . Scanalyzer . | . . . Garrison Access Hacks . | . . . Unauthorized Hacks 1 | . 1 . Terminals 1 | . 1 . Botnet 1 | . 1 . Fabricators . | . . . Repair Stations . | . . . Recycling Units . | . . . Scanalyzers . | . . . Garrison Access . | . . . Data Cores Recovered . | . . . Used . | . . . Hacking Detections 1 | . 1 . Full Trace Events . | . . . Feedback Events . | . . . Feedback Blocked . | . . . Robot Schematics Acquired . | . . . Robots Built . | . . . Authchips . | . . . Time . | . . . Total Robot Build Rating . | . . . Part Schematics Acquired . | . . . Parts Built . | . . . Authchips . | . . . Time . | . . . Total Part Build Rating . | . . . Parts Repaired . | . . . Time . | . . . Parts Recycled . | . . . Recycled Matter . | . . . Retrieved Matter . | . . . Retrieved Components . | . . . Parts Scanalyzed . | . . . Part Schematics Acquired . | . . . Parts Damaged . | . . . Bothacking | -11 -10 -9 ------------ Run | Yrd Mat Mat Used RIF Installer . | . . . Robots Hacked . | . . . Non-combat . | . . . Combat . | . . . Robot Hacks Applied . | . . . Relay Couplers Released . | . . . Fabnet Peak Effective % . | . . . Robots Rewired . | . . . Allies Hacked . | . . . Hacks Repelled . | . . . Allies | -11 -10 -9 -------- Run | Yrd Mat Mat Total Allies . | . . . Largest Group . | . . . Highest-Rated Group . | . . . Highest-Rated Ally . | . . . Total Orders . | . . . Ally Attacks . | . . . Total Damage . | . . . Kills . | . . . Allies Corrupted . | . . . Allies Melted . | . . . Intel | -11 -10 -9 ------- Run | Yrd Mat Mat Active Infowar (turns) 580 | 213 367 . Seismic 580 | 213 367 . Robot Analysis Total . | . . . Derelict Logs Recovered . | . . . Drone Launches . | . . . Drone Recoveries . | . . . Exploration | -11 -10 -9 ------------- Run | Yrd Mat Mat Turns Passed 1926 | 320 1454 152 Spaces Moved 912 | 147 733 32 Core 32 | 32 . . Treads . | . . . Legs 244 | . 212 32 Wheels 406 | 115 291 . Hover 230 | . 230 . Flight . | . . . Fastest Speed 50 | 50 80 190 Average Speed 144 | 88 154 190 Slowest Speed 250 | 200 250 190 Overloaded Moves . | . . . Propulsion Burnouts . | . . . Robots Hopped . | . . . Potential Cave-ins . | . . . Cave-ins Triggered . | . . . Exploration Rate (%) 26 | 6 69 5 Regions Visited 2 Branch Regions . Pre-discovered Areas . | . . . Known Exits Taken 1 | . 1 . Unknown Exits Taken 1 | 1 . . Scrap Searched . | . . . Spaces Dug . | . . . Terrain Destroyed . | . . . Melee . | . . . Projectile . | . . . AOE . | . . . Terrain Rammed . | . . . Walls Destroyed . | . . . Machines Disabled . | . . . Actions | -11 -10 -9 --------- Run | Yrd Mat Mat Total 1282 | 312 901 69 Wait 155 | 127 28 . Move 910 | 146 732 32 Hop . | . . . Pick Up 36 | 16 19 1 Fast Attach 4 | . 4 . Attach 14 | 7 7 . Detach 1 | . . 1 Swap 10 | 1 9 . Drop 17 | 1 16 . Fire 113 | 14 83 16 Melee . | . . . Ram 13 | . 1 12 Kick 9 | . 2 7 Crush . | . . . Escape Stasis . | . . . Rewire . | . . . Trap . | . . . Miscellaneous . | . . . Route ------- -11/Scrapyard -10/Materials (discovered 4 exits: *Mat / [*Min x2] / [*Sub]) -9/Materials History --------- Turn | Location | Event 3 | -11/Scrapyard | Discovered new exit (range 15) 321 | -11/Scrapyard | Entered Materials 322 | -10/Materials | Build established: Mutant 598 | -10/Materials | Discovered new exit (range 13) 884 | -10/Materials | Discovered new exit (range 9) 1433 | -10/Materials | Core integrity fell below 50% 1550 | -10/Materials | Discovered new exit (range 14) 1675 | -10/Materials | Discovered new exit (range 5) 1773 | -10/Materials | Identified exit to Materials 1775 | -10/Materials | Entered another Materials area 1775 | -9/Materials | Evolved 2 slots: Propulsion x1, Weapon x1 1898 | -9/Materials | Core integrity fell below 50% 1916 | -9/Materials | Lost 3 parts (2n1w) 1919 | -9/Materials | Core integrity fell below 20% 1927 | -9/Materials | Destroyed by Y-45 Defender with Heavy Assault Rifle Last Messages --------------- 01824_ Acquired Visual Processing Unit. 01825_ O-16 Technician uses terminal to summon reinforcements. 01825_ ALERT: Hostiles spotted, dispatching reinforcements to Terminal M011. 01825_ O-16 Technician locks terminal. 01867_ Assault Rifle destroyed. 01872_ Kicked Y-45 Defender out of the way. 01873_ Aluminum Leg destroyed. 01875_ Kicked Y-45 Defender out of the way. 01876_ Critical hit (Burn: +37). 01877_ Kicked Y-45 Defender. 01885_ Aluminum Leg destroyed. 01886_ Slammed into Y-45 Defender. 01891_ Critical hit (Burn: +37). 01893_ Slammed into Y-45 Defender. 01900_ Critical hit (Burn: +37). 01904_ Slammed into Y-45 Defender. 01918_ Signal Interpreter broken. 01918_ Destabilizing: Short circuit. 01921_ Slammed into Y-45 Defender. 01925_ Destabilizing: System corrupted (+2). Map ----- +----------------------------------------------------+ | | | | | | | | | | | | | | | | | | | | | | | | | | | | | | | | | | | | | | | | | | | | | | | ??###############???????????????? | | ??# #???????????????? | | ??# Y@ #?########??????? | | ??# #?# #??????? | | ??# #?# #??????? | | ??# #?# "" #??????? | | ??# #?# S"" #??????? | | ??###+###+######### "" #??????? | | ????# * = + #??????? | | ????# ###########+######+### | | ????# #??????# | | ????#+## #??????# | | ???????# #??????# | | ??????? #?????###########+### | | ??????# #???????????????????? | | ??????+ T #???????????????????? | | ??????# #???????????????????? | | ??????# !#???????????????????? | | ??????### ###???????????????????? | | ????????# #?????????????????????? | | ????????# #?????????????????????? | | ????????# ?????????????????????? | | ????????? ?????????????????????? | | ????????? ??????????????????????? | | ????????? ??????????????????????? | | ????????????????????????????????? | | ????????????????????????????????? | +----------------------------------------------------+ Best States ------------- Heat Dissipation 28 Energy Generation 10 Energy Capacity 250 Matter Stores 300 Matter Capacity 300 Sight Range 16 Terrain Scan Density 10 Armor Coverage 150 Evasion (%) 55 Item Schematics ----------------- None Robot Schematics ------------------ None Fabricated ------------ Nothing Repaired ---------- Nothing Alien Tech Used ----------------- None Achievements -------------- None Challenges ------------ None Game ------ Seed HoverLatentTendrils Manual? 0 Play Time 00:34:49 Cumulative 24.9 hours Start 2025.10.08 @ 22:27:51 End 2025.10.08 @ 23:05:20 Sessions 1 Manual Loads 0 Difficulty Rogue Special Mode None Game No. 67 Rogue 60 Adventurer 7 Explorer 0 Win Type - Total 0 Types 0/0/0/0/0/0/0/0/0/0 Lore% 5 Gallery% 21 Achievement% 22 Wizard Run 0 Options --------- Layout 0 ASCII 0 Keyboard 1 Movement Mouse Keybinds 0 Fullscreen 1 Font 18/SmallcapsGlow Map View 112x50 Zoom Use 0% Tactical HUD 1 Map Filters NONE Filters NONE Steam 1 RUN: 440a8124-57fe-4d69-a45f-53c3961c9d5a